 Dungeon Sprint DCSS version 0.32-a0-433-g08bcfe7efd (webtiles) character file.

Game seed: 11242102810713734042

23 adelrune the Trooper (level 2, -2/28 HPs)
             Began as a Minotaur Fighter on Feb 22, 2024.
             Slain by a basilisk (5 damage)
             ... while petrified by a basilisk
             ... in the Dungeon (Sprint I: "Red Sonja").
             The game lasted 00:00:38 (59 turns).

adelrune the Trooper (Minotaur Fighter)               Turns: 59, Time: 00:00:38

Health: -2/28      AC:  7    Str: 20    XL:     2   Next: 72%
Magic:  1/1        EV:  2    Int:  5    God:
Gold:   0          SH:  0    Dex:  9    Spells: 1/1 levels left

rFire   . . .        a - +0 war axe
rCold   . . .        c - +0 buckler
rNeg    + + +        b - +0 scale mail
rPois   ∞            (helmet restricted)
rElec   .            (no cloak)
rCorr   .            (no gloves)
SInv    .            (no boots)
Will    .....        (no amulet) Stlth
                     (no ring)
HPRegen 0.24/turn    (no ring)
MPRegen 0.07/turn

%: no teleportation
@: petrified
A: horns 2, retaliatory headbutt
a: no special abilities


You were in the Dungeon.
You visited 1 branch

Inventory:

Hand Weapons
 a - a +0 war axe (weapon)
Armour
 b - a +0 scale mail (worn)
 c - a +0 buckler (worn)
Wands
 i - a wand of polymorph (6)
Scrolls
 j - a scroll of blinking
Potions
 d - a potion of might
 e - a potion of curing
 f - a potion of heal wounds
 g - a potion of haste
 h - 2 potions of magic


   Skills:
 + Level 4.5 Fighting
 * Level 4.5 Axes
 + Level 4.5 Armour
 + Level 2.1 Dodging
 + Level 4.5 Shields


You had one spell level left.
You didn't know any spells.
Your spell library was empty.

Dungeon Overview and Level Annotations

Branches:
Dungeon (1/1)

Altars:


Innate Abilities, Weirdness & Mutations

You have a pair of horns on your head.
You reflexively headbutt those who attack you in melee.


Message History

Aim: an ogre, wielding a +0 giant club (will become a basilisk, a bat, or a naga, chance to affect: 49%)
The ogre evaporates and reforms as a basilisk!
The basilisk gazes at you.
You struggle to resist.
The basilisk closely misses you.
There is an open door here.
You hit the basilisk but do no damage. The basilisk gazes at you.
You are slowing down.
Unknown command.
You hit the basilisk but do no damage. Your headbutt misses the basilisk.
The basilisk bites you! The basilisk gazes at you.
Your limbs have turned to stone.
You have turned to stone.
The basilisk bites you!
The basilisk hisses menacingly.
The basilisk gazes at you.
You struggle to resist.
You recover from your berserk rage.
The basilisk bites you. The basilisk gazes at you. The basilisk bites you.
The basilisk bites you but does no damage.
The basilisk barely misses you.
You turn to flesh and can move again.
You barely miss the basilisk. The basilisk gazes at you.
You are slowing down.
Unknown command.
You barely miss the basilisk.
You headbutt the basilisk, but do no damage.
The basilisk bites you. The basilisk bites you!
* * * LOW HITPOINT WARNING * * *
You have turned to stone.
The basilisk bites you!
* * * LOW HITPOINT WARNING * * *
The basilisk gazes at you.
You struggle to resist.
The basilisk bites you!
You die...

##########
#<.#..@l.#
#..').#..+
#..#####+#
#..# #..#
#..# #⌠⌠#
####


You could see a basilisk.

Vanquished Creatures
  Ijyb (D)
1 creature vanquished.

Notes
Turn   | Place    | Note
-------+----------+-------------------------------------------
     0 | D        | adelrune the Minotaur Fighter began the quest for the Orb.
     0 | D        | Reached XP level 1. HP: 19/19 MP: 0/0
     2 | D        | Noticed Ijyb
    14 | D        | Killed Ijyb
    15 | D        | Reached XP level 2. HP: 28/28 MP: 1/1
    43 | D        | Noticed an ogre
    44 | D        | an ogre changed into a basilisk
    44 | D        | Noticed a basilisk
    59 | D        | Slain by a basilisk

Illustrated notes

Levels and vault maps discovered:
D:        dungeon_sprint_1 [red_sonja_temple_1, red_sonja_temple_small_1]

Skill      XL: |  1 |
---------------+----+-----
Fighting       | 4 |  4.5
Axes           | 4 |  4.5
Armour         | 4 |  4.5
Dodging        | 2 |  2.1
Shields        | 4 |  4.5

Action                     || total
---------------------------++-------
  Melee: Unarmed           ||     9
         War axe           ||     4
         Headbutt          ||     1
  Evoke: Wand              ||     1
    Use: Potion            ||     1
 Armour: Skin              ||     2
         Scale mail        ||     9
  Dodge: Dodged            ||     5

Table legend: (Time is in decaauts)
 A = Elapsed time spent in this place.
 B = Non-inter-level travel time spent in this place.
 C = Inter-level travel time spent in this place.
 D = Time resting spent in this place.
 E = Time spent auto-exploring this place.
 F = Levels seen in this place.
 G = Mean time per level.
                   A        B        C        D        E       F      G
               +--------+--------+--------+--------+--------+-----+--------+
         Total |     67 |     67 |      0 |     34 |      0 |   1 |   67.0 |
       Dungeon |     67 |     67 |      0 |     34 |      0 |   1 |   67.0 |
               +--------+--------+--------+--------+--------+-----+--------+

Top non-repeatable levels by time:
       D: 67 daAuts
